 Dungeon Crawl Stone Soup version 0.22-a0-833-g8522bf8 (webtiles) character file.

87824 inc the Fighter (level 15, -1/161 HPs)
             Began as an Ogre Skald on July 25, 2018.
             Was a High Priest of Okawaru.
             Killed from afar by a deep elf knight (4 damage)
             ... with an orb of energy
             ... on level 1 of the Elven Halls.
             The game lasted 01:11:14 (31247 turns).

inc the Fighter (Ogre Skald)                       Turns: 31247, Time: 01:11:14

Health: -1/161     AC: 22    Str: 23    XL:     15   Next: 91%
Magic:  21/23      EV: 13    Int: 15    God:    Okawaru [*****.]
Gold:   650        SH:  0    Dex: 14    Spells: 12/22 levels left

rFire    . . .     SeeInvis .   a - +4 giant spiked club (drain)
rCold    + + .     Gourm    .   (shield currently unavailable)
rNeg     + . .     Faith    .   O - +4 ice dragon scales
rPois    +         Spirit   .   S - +2 hat {MR+}
rElec    .         Reflect  .   q - +2 cloak {rPois}
rCorr    .         Harm     .   (gloves unavailable)
MR       +++++     Clarity  +   (boots unavailable)
Stlth    ..........             j - amulet of the Four Winds {rN+ MR+++ Clar}
HPRegen  0.00/turn              B - +6 ring of dexterity
MPRegen  0.18/turn              F - ring of protection from fire

@: very slightly contaminated, drained
A: large, unfitting armour, magic resistance 1, poison resistance, inhibited
regeneration, tough skin 1
a: Heroism, Finesse, Renounce Religion


You were on level 1 of the Elven Halls.
You worshipped Okawaru.
Okawaru was extremely pleased with you.
You were hungry.

You visited 5 branches of the dungeon, and saw 22 of its levels.
You also visited: Sewer, Ossuary and Ice Cave.

You collected 1958 gold pieces.
You spent 1308 gold pieces at shops.

Inventory:

Hand Weapons
 a - a +4 giant spiked club of draining (weapon)
 b - a +0 blowgun
 e - a +2 great mace of protection
 z - a +5 dire flail
Missiles
 x - 5 needles of confusion
 C - 9 large rocks (quivered)
 R - 9 curare-tipped needles
Armour
 q - a +2 cloak of poison resistance (worn)
 O - +4 ice dragon scales (worn)
 S - a +2 hat of magic resistance (worn)
Jewellery
 c - an uncursed ring of protection from cold
 g - an uncursed ring of stealth
 j - the amulet of the Four Winds (around neck) {rN+ MR+++ Clar}
   (You bought it in a shop on level 2 of the Orcish Mines)

   [amulet of nothing]

   It protects you from negative energy.
   It affects your resistance to hostile enchantments.
   It protects you against confusion.
 B - a +6 ring of dexterity (left hand)
 F - a ring of protection from fire (right hand)
 L - an uncursed ring of protection from magic
 U - an uncursed ring of wizardry
 V - an uncursed ring of fire
 Z - an uncursed amulet of regeneration
Wands
 n - a wand of random effects (23)
 p - a wand of clouds (4)
 G - a wand of enslavement (12)
 H - a wand of acid (9)
 K - a wand of disintegration (23)
 M - a wand of flame (20)
Scrolls
 i - 2 scrolls of magic mapping
 l - a scroll of fear
 o - 4 scrolls of remove curse
 s - 3 scrolls of fog
 w - a scroll of vulnerability
 y - 2 scrolls of amnesia
 A - 2 scrolls of teleportation
 J - 5 scrolls of identify
 W - 2 scrolls of enchant armour
 Y - a scroll of blinking
Potions
 f - 5 potions of brilliance
 h - a potion of berserk rage
 k - 4 potions of haste
 m - a potion of heal wounds
 r - 2 potions of cancellation
 t - 4 potions of might
 u - 12 potions of curing
 v - 3 potions of magic
 E - 4 potions of resistance
 N - 3 potions of flight
 Q - 2 potions of ambrosia
Comestibles
 d - 13 rations


   Skills:
 - Level 13.6(13.2) Fighting
 + Level 13.6(13.3) Maces & Flails
 - Level 7.1(6.8) Armour
 - Level 10.7(10.4) Dodging
 - Level 4.3(4.1) Spellcasting
 - Level 6.7(6.4) Hexes
 - Level 6.2(5.9) Charms
 - Level 6.5(6.2) Necromancy
 + Level 11.3(11.0) Invocations


You had 12 spell levels left.
You knew the following spells:

 Your Spells              Type           Power        Failure   Level  Hunger
b - Shroud of Golubria    Chrm/Tloc      ##........   22%         2    ##.....
c - Spectral Weapon       Hex/Chrm       ###.....     12%         3    ###....
d - Regeneration          Chrm/Necr      ###.......   12%         3    ###....
e - Song of Slaying       Chrm           ###.....     6%          2    ##.....

Your spell library contained the following spells:

 Spells                   Type           Power        Failure   Level  Hunger
 Cause Fear               Hex            ###.......   34%         4    ####...
 Magic Dart               Conj           #...         45%         1    None
 Bolt of Magma            Conj/Fire/Erth #.........   100%        5    ######.
 Slow                     Hex            ###.....     5%          2    ##.....
 Iskenderun's Mystic Bla  Conj           #.......     99%         4    ####...
 Summon Demon             Summ           #.........   100%        5    ######.
 Iron Shot                Conj/Erth      #.........   100%        6    #######
 Recall                   Summ/Tloc      N/A          83%         3    ###....
 Statue Form              Tmut/Erth      #........    100%        6    #######
 Shadow Creatures         Summ           N/A          100%        6    #######
 Shatter                  Erth           #.........   100%        9    #######
 Corona                   Hex            ###....      3%          1    None
 Portal Projectile        Hex/Tloc       ##....       36%         3    ###....
 Leda's Liquefaction      Hex/Erth       ##........   78%         4    ####...
 Inner Flame              Hex/Fire       ##......     36%         3    ###....
 Aura of Abjuration       Summ           #.........   100%        5    ######.
 Fulminant Prism          Conj/Hex       ##........   78%         4    ####...
 Dazzling Spray           Conj/Hex       ##....       36%         3    ###....
 Force Lance              Conj/Tloc      #.......     99%         4    ####...
 Infusion                 Chrm           ###.         4%          1    None
 Searing Ray              Conj           #.....       58%         2    ##.....
 Summon Forest            Summ/Tloc      #.........   100%        5    ######.
 Summon Mana Viper        Hex/Summ       ##......     98%         5    ######.


Dungeon Overview and Level Annotations

Branches:
Dungeon (12/15)            Temple (1/1) D:7            Lair (6/6) D:10
 Shoals (0/4) Lair:3       Spider (0/4) Lair:2        Slime (0/5) Lair:6
    Orc (2/2) D:10            Elf (1/3) Orc:2

Altars:
Ashenzari
Cheibriados
Dithmenos
Elyvilon
Fedhas
Gozag
Hepliaklqana
Kikubaaqudgha
Makhleb
Nemelex Xobeh
Okawaru
Qazlal
Ru
Sif Muna
Trog
Uskayaw
Vehumet
Wu Jian
Xom
Yredelemnul
Zin
The Shining One
Beogh
Jiyva
Lugonu

Shops:
D:4 !   D:10 }   Orc:2 [(=(

Annotations:
D:2 Sigmund
D:12 Azrael
Lair:2 Etiuwnuo's ghost, journeyman DrFi
Lair:4 exclusion: 2 oklob plants
Lair:6 fig, exclusion: oklob plant, Saomaq's ghost, journeyman DDFi


Innate Abilities, Weirdness & Mutations

You are too large for most types of armour.
You have tough skin. (AC +1)
You are resistant to hostile enchantments. (MR+)
Your system is resistant to poisons. (rPois)
You do not regenerate when monsters are visible.


Message History

Your spectral weapon shares its damage with you!
Your spectral weapon fades away.
* * * LOW HITPOINT WARNING * * *
The deep elf knight hits you but does no damage.
Unknown command.
You miss the deep elf knight.
The deep elf knight is almost dead.
The deep elf knight points at you and mumbles some strange words.
The stone arrow hits you!
* * * LOW HITPOINT WARNING * * *
The deep elf archer shoots an arrow.
The arrow hits you.
* * * LOW HITPOINT WARNING * * *
x2 The deep elf knight barely misses you.
Blink to where?
Press: ? - help, Dir - move target cursor You are very lightly contaminated with residual magic.
As you read the scroll of blinking, it crumbles to dust.
The deep elf knight casts a spell at you.
The orb of energy hits you!
You die...

### ....##########
#####
#.e........#####...#
###..8..8.)).@...<.#
#...((..e..#####...#
#...########## #####
#


You could see a deep elf knight.

Vanquished Creatures
  Rupert (Orc:2)
  Gastronok (Orc:1)
  6 dire elephants (Lair:6)
  Josephine (Lair:4)
  An ogre mage (Orc:2)
  2 hydras
  7 two-headed ogres
  Erica (D:9)
  An anaconda (Lair:6)
  19 death yaks
  Sonja (D:10)
  A wolf spider zombie (D:11)
  7 wizards (D:11)
  9 orc knights
  5 deep elf magi (Elf:1)
  2 ugly things (IceCv)
  4 orc sorcerers
  2 manticores (D:11)
  2 merfolk sirens
  21 elephants
  4 black mambas
  A torpor snail (Lair:2)
  2 ice statues (IceCv)
  16 spiny frogs
  3 rime drakes
  A komodo dragon (Lair:6)
  A kobold demonologist (D:11)
  7 trolls
  2 merfolk (Lair:3)
  A polar bear (Lair:5)
  2 hornets
  12 hippogriffs
  4 wraiths (Lair:4)
  A spriggan (Lair:5)
  30 yaks
  Eustachio (D:3)
  3 wyverns
  2 basilisks
  2 hungry ghosts
  3 steam dragons
  11 wargs
  2 acid dragons (Lair:4)
  7 water moccasins
  11 porcupines
  4 sky beasts
  8 ice beasts
  A swamp drake (Lair:4)
  50 orc warriors
  A black bear (Lair:5)
  6 phantoms
  3 necrophages
  14 ogres
  8 centaurs
  6 wolves
  18 crocodiles
  A big kobold (D:7)
  9 bullfrogs
  6 scorpions
  9 killer bees
  10 howler monkeys
  5 wights (D:7)
  2 electric eels (Lair:4)
  4 centaur zombies
  3 crimson imps
  2 bullfrog zombies (D:8)
  A jelly (D:6)
  6 hounds
  13 orc priests
  2 bullfrog skeletons
  2 centaur skeletons (D:4)
  23 orc wizards
  14 mummies (Ossuary)
  4 iguanas
  7 worker ants
  4 hound zombies
  A hound skeleton (D:11)
  3 worker ant zombies
  Robin (D:4)
  11 adders
  2 river rats (D:3)
  3 shadow imps
  An ooze (D:3)
  2 adder zombies (Ossuary)
  2 adder skeletons
  7 worms
  2 dart slugs (D:2)
  6 leopard geckos
  101 orcs
  12 bats
  4 giant cockroaches
  17 goblins
  9 hobgoblins
  12 jackals
  18 kobolds
  3 quokkas
  2 ball pythons
  15 frilled lizards
  A quokka zombie (Ossuary)
  14 rats
  2 plants (Lair:6)
720 creatures vanquished.

Vanquished Creatures (others)
  A centaur skeleton (D:11)
  8 fungi
  5 plants
  8 spectral weapons
  2 withered plants (Ossuary)
24 creatures vanquished.

Grand Total: 744 creatures vanquished

Notes
Turn   | Place    | Note
-------+----------+-------------------------------------------
     0 | D:1      | inc the Ogre Skald began the quest for the Orb.
     0 | D:1      | Reached XP level 1. HP: 22/22 MP: 3/3
   120 | D:1      | Reached XP level 2. HP: 24/29 MP: 5/5
   182 | D:1      | HP: 1/29 [jackal (3)]
   834 | D:1      | Reached XP level 3. HP: 29/36 MP: 1/6
  1269 | D:1      | Learned a level 2 spell: Shroud of Golubria
  1272 | D:1      | Learned a level 2 spell: Song of Slaying
  1890 | D:2      | Reached XP level 4. HP: 44/44 MP: 8/8
  1973 | D:2      | Found a shadowy altar of Dithmenos.
  2066 | D:2      | Learned a level 3 spell: Spectral Weapon
  2440 | D:2      | Noticed Sigmund
  2941 | D:3      | Noticed a bullfrog
  2948 | D:3      | Killed a bullfrog
  2948 | D:3      | Reached XP level 5. HP: 41/50 MP: 6/10
  3022 | D:3      | Found a glowing drain.
  3111 | Sewer    | Entered a sewer
  3170 | Sewer    | Reached XP level 6. HP: 29/59 MP: 12/12
  3345 | Sewer    | Learned a level 3 spell: Regeneration
  4475 | D:4      | Noticed Robin
  4490 | D:4      | Noticed a phantom
  4498 | D:4      | Killed Robin
  4843 | D:4      | Killed a phantom
  4843 | D:4      | Reached skill level 5 in Fighting
  5065 | D:4      | Reached XP level 7. HP: 42/74 MP: 11/13
  5463 | D:4      | Noticed Eustachio
  5646 | D:4      | Found a stormy altar of Qazlal.
  5651 | D:4      | Found a shattered altar of Ashenzari.
  5655 | D:4      | Found a white marble altar of Elyvilon.
  5870 | D:4      | Found Giajikask's Distillery.
  5877 | D:4      | Bought a potion of might for 40 gold pieces
  5877 | D:4      | Bought a potion of might for 40 gold pieces
  5877 | D:4      | Bought a potion of berserk rage for 50 gold pieces
  6077 | D:5      | Entered Level 5 of the Dungeon
  6098 | D:5      | Noticed a hand axe
  6098 | D:5      | Noticed a hand axe
  6099 | D:5      | Found a hide-covered altar of Uskayaw.
  6137 | D:5      | Noticed a hungry ghost
  6503 | D:5      | Reached skill level 5 in Maces & Flails
  6573 | D:5      | Reached XP level 8. HP: 55/83 MP: 8/14
  6714 | D:5      | Reached skill level 1 in Hexes
  7711 | D:6      | Reached skill level 5 in Hexes
  7742 | D:6      | Found a sand-covered staircase.
  7915 | Ossuary  | Entered an ossuary
  8127 | Ossuary  | Reached XP level 9. HP: 80/89 MP: 15/15
  8912 | D:6      | Found a glowing golden altar of the Shining One.
 10768 | D:7      | HP: 6/145 [wight/spear of freezing (5)]
 11195 | D:7      | Reached XP level 10. HP: 44/109 MP: 8/16
 11213 | D:7      | Reached skill level 10 in Fighting
 11740 | D:6      | Found an ornate altar of the Wu Jian Council.
 12321 | D:7      | Found a staircase to the Ecumenical Temple.
 12337 | Temple   | Entered the Ecumenical Temple
 12379 | Temple   | Became a worshipper of Warmaster Okawaru
 12746 | D:8      | Found a blossoming altar of Fedhas.
 12748 | D:8      | Found an ancient bone altar of Kikubaaqudgha.
 12976 | D:8      | Found a sparkling altar of Nemelex Xobeh.
 13263 | D:8      | Reached * piety under Okawaru
 13415 | D:9      | Noticed a two-headed ogre
 13427 | D:9      | Killed a two-headed ogre
 13427 | D:9      | Reached ** piety under Okawaru
 13547 | D:8      | Reached skill level 1 in Armour
 13828 | D:9      | Noticed Erica
 13838 | D:9      | Killed Erica
 13838 | D:9      | Reached *** piety under Okawaru
 13838 | D:9      | Reached XP level 11. HP: 95/127 MP: 11/17
 14133 | D:9      | Reached skill level 1 in Invocations
 14453 | D:9      | Found a deep blue altar of Sif Muna.
 14466 | D:9      | Found a radiant altar of Vehumet.
 14469 | D:9      | Found a basalt altar of Yredelemnul.
 14472 | D:9      | Found a snail-covered altar of Cheibriados.
 14776 | D:10     | Entered Level 10 of the Dungeon
 14788 | D:10     | Noticed a death yak
 14840 | D:10     | Noticed a death yak
 14841 | D:10     | Noticed a death yak
 14841 | D:10     | Noticed a death yak
 14841 | D:10     | Noticed a death yak
 14874 | D:10     | Reached skill level 5 in Armour
 15362 | D:10     | Noticed a death yak
 15363 | D:10     | Noticed a death yak
 15401 | D:10     | Found a staircase to the Lair.
 15416 | D:10     | Noticed a death yak
 15416 | D:10     | Noticed a death yak
 15437 | D:10     | Killed a death yak
 15437 | D:10     | Reached **** piety under Okawaru
 15442 | D:10     | Killed a death yak
 15450 | D:10     | Killed a death yak
 15450 | D:10     | Reached skill level 5 in Invocations
 15456 | D:10     | Killed a death yak
 15660 | D:10     | Found a staircase to the Orcish Mines.
 15822 | D:10     | Noticed Sonja
 15863 | D:10     | Killed a death yak
 15863 | D:10     | Reached ***** piety under Okawaru
 15874 | D:10     | Killed a death yak
 15874 | D:10     | Received a gift from Okawaru
 15888 | D:10     | Killed a death yak
 15888 | D:10     | Reached XP level 12. HP: 22/136 MP: 4/18
 16556 | D:10     | Got a faintly humming robe {god gift}
 16567 | D:10     | Found Cioruyqa's Gadget Emporium.
 16575 | D:10     | Killed Sonja
 16575 | D:10     | Reached skill level 1 in Necromancy
 16600 | D:10     | Killed a death yak
 16917 | D:11     | Reached skill level 5 in Charms
 16981 | D:11     | Identified the +1 robe of the Snake Pit {rF++} (Okawaru gifted it to you on level 10 of the Dungeon)
 17628 | D:11     | Reached skill level 5 in Necromancy
 18032 | D:11     | Paralysed by a wizard for 6 turns
 18382 | Lair:1   | Entered Level 1 of the Lair of Beasts
 18589 | Lair:1   | Found a frozen archway.
 18686 | IceCv    | Entered an ice cave
 18742 | IceCv    | Found a transporter.
 19135 | IceCv    | Found a transporter.
 19157 | IceCv    | Reached XP level 13. HP: 62/144 MP: 12/19
 20525 | D:3      | Killed Eustachio
 20747 | Lair:2   | Received a gift from Okawaru
 20916 | Lair:2   | Found a hole to the Spider Nest.
 20956 | Lair:2   | Reached skill level 10 in Maces & Flails
 21570 | Lair:2   | Found a runed gate.
 21571 | Lair:2   | Found a runed gate.
 21571 | Lair:2   | Noticed Etiuwnuo's ghost (journeyman DrFi)
 21572 | Lair:2   | Found a runed gate.
 21953 | Lair:3   | Found a staircase to the Shoals.
 22383 | Lair:3   | You fall through a shaft for 2 floors!
 23460 | Lair:4   | Noticed Josephine
 23472 | Lair:4   | Killed Josephine
 23474 | Lair:4   | Reached skill level 5 in Dodging
 23476 | Lair:4   | Reached XP level 14. HP: 96/153 MP: 20/20
 24429 | Lair:3   | Received a gift from Okawaru
 25476 | Lair:6   | Entered Level 6 of the Lair of Beasts
 25511 | Lair:6   | Found a runed gate.
 25511 | Lair:6   | Found a runed gate.
 25511 | Lair:6   | Found a runed gate.
 25559 | Lair:6   | Found a runed door.
 25559 | Lair:6   | Found a viscous altar of Jiyva.
 25909 | Lair:6   | Noticed an azure jelly
 25910 | Lair:6   | Noticed an azure jelly
 25916 | Lair:6   | Found a staircase to the Slime Pits.
 25951 | Lair:6   | Received a gift from Okawaru
 25951 | Lair:6   | Reached skill level 10 in Dodging
 26063 | Lair:6   | Noticed Saomaq's ghost (journeyman DDFi)
 26372 | Lair:6   | Found a glowing silver altar of Zin.
 26617 | Lair:6   | Noticed a dire elephant
 26630 | Lair:6   | Killed a dire elephant
 26645 | Lair:6   | Noticed a dire elephant
 26645 | Lair:6   | Noticed a dire elephant
 26655 | Lair:6   | Killed a dire elephant
 26662 | Lair:6   | Killed a dire elephant
 26723 | Lair:6   | Noticed a dire elephant
 26727 | Lair:6   | Noticed a dire elephant
 26734 | Lair:6   | Killed a dire elephant
 26734 | Lair:6   | Received a gift from Okawaru
 26747 | Lair:6   | Killed a dire elephant
 26747 | Lair:6   | Reached XP level 15. HP: 134/161 MP: 15/21
 26749 | Lair:6   | Got a distressingly furry robe {god gift}
 26760 | Lair:6   | Identified the +0 robe "Ydeas" {*Drain Regen+ Str+3} (Okawaru gifted it to you on level 6 of the Lair of Beasts)
 27332 | Orc:1    | Entered Level 1 of the Orcish Mines
 27547 | Orc:1    | Noticed Gastronok
 27568 | Orc:1    | Killed Gastronok
 28077 | D:11     | Found the +3 warlock's mirror {reflect}
 28248 | D:11     | Gained mutation: You are robust. (+10% HP) [potion of mutation]
 28248 | D:11     | Gained mutation: You occasionally shout uncontrollably at your foes. [potion of mutation]
 28248 | D:11     | Gained mutation: You expend magic power (3 MP) to strengthen your wands. [potion of mutation]
 28248 | D:11     | Gained mutation: You are agile. (Dex +2) [potion of mutation]
 28249 | D:11     | Lost mutation: You expend magic power (3 MP) to strengthen your wands. [potion of mutation]
 28249 | D:11     | Lost mutation: You are agile. (Dex +2) [potion of mutation]
 28249 | D:11     | Lost mutation: You are robust. (+10% HP) [potion of mutation]
 28249 | D:11     | Gained mutation: Your system is resistant to poisons. (rPois) [potion of mutation]
 28249 | D:11     | Gained mutation: You have supernaturally acute eyesight. (SInv) [potion of mutation]
 28249 | D:11     | Gained mutation: You do not regenerate when monsters are visible. [potion of mutation]
 28249 | D:11     | Gained mutation: You have sharp toenails. [potion of mutation]
 28419 | D:4      | Bought a potion of curing for 30 gold pieces
 28419 | D:4      | Bought a potion of ambrosia for 80 gold pieces
 28419 | D:4      | Bought a potion of berserk rage for 50 gold pieces
 28419 | D:4      | Bought a potion of mutation for 80 gold pieces
 28419 | D:4      | Bought a potion of mutation for 80 gold pieces
 28419 | D:4      | Bought 2 potions of resistance for 200 gold pieces
 28419 | D:4      | Lost mutation: You occasionally shout uncontrollably at your foes. [potion of mutation]
 28419 | D:4      | Lost mutation: Your system is resistant to poisons. (rPois) [potion of mutation]
 28419 | D:4      | Gained mutation: You have an increased reservoir of magic. (+10% MP) [potion of mutation]
 28419 | D:4      | Gained mutation: You are agile. (Dex +2) [potion of mutation]
 28420 | D:4      | Lost mutation: You have sharp toenails. [potion of mutation]
 28420 | D:4      | Lost mutation: You have supernaturally acute eyesight. (SInv) [potion of mutation]
 28420 | D:4      | Lost mutation: You have an increased reservoir of magic. (+10% MP) [potion of mutation]
 28420 | D:4      | Lost mutation: You are agile. (Dex +2) [potion of mutation]
 28420 | D:4      | Gained mutation: Your system is resistant to poisons. (rPois) [potion of mutation]
 28420 | D:4      | Gained mutation: You are resistant to hostile enchantments. (MR+) [potion of mutation]
 28598 | D:12     | Noticed Azrael
 28774 | Orc:1    | Found a roughly hewn altar of Beogh.
 28958 | Orc:2    | Entered Level 2 of the Orcish Mines
 28958 | Orc:2    | Noticed Rupert
 28990 | Orc:2    | Killed Rupert
 29253 | Orc:2    | Reached skill level 10 in Invocations
 29951 | Orc:2    | Found Muzytzat's Antique Weapon Boutique.
 29951 | Orc:2    | Found Kaulifau's Jewellery Shoppe.
 30085 | Orc:2    | Found a roughly hewn altar of Beogh.
 30571 | Orc:2    | Received a gift from Okawaru
 30574 | Orc:2    | Got a scorched large shield {god gift}
 30576 | Orc:2    | Identified the +6 large shield "Urohybewn" {rF+ Str+4 Dex+3 Stlth+} (Okawaru gifted it to you on level 2 of the Orcish Mines)
 30903 | Orc:2    | Found Lidinn's Weapon Boutique.
 30903 | Orc:2    | Found Quoni's Armour Shoppe.
 30953 | Orc:2    | Bought the amulet of the Four Winds {rN+ MR+++ Clar} for 658 gold pieces
 30953 | Orc:2    | Found the amulet of the Four Winds {rN+ MR+++ Clar}
 30985 | Orc:2    | Found a staircase to the Elven Halls.
 31204 | Elf:1    | Entered Level 1 of the Elven Halls
 31245 | Elf:1    | HP: 7/161 [deep elf knight/stone arrow (28)]
 31245 | Elf:1    | HP: 3/161 [deep elf archer/arrow (1)]
 31247 | Elf:1    | Killed from afar by a deep elf knight

Vault maps used:
D:1:      lightli_arrival_lavapool, minivault_4
D:2:      cheibrodos_old_hovel, nicolae_dithmenos_shadow_blocks, zin_statuary,
          uniq_sigmund
D:3:      portal_sewer_entry_b
D:4:      minmay_overflow_temple_star_quad, first_ration, serial_shops,
          shop_statue, st_stairs_9, uniq_robin, uniq_eustachio
D:5:      dancing_weapons_uskayaw
D:6:      nicolae_overflow_hidden_temple, basic_altar,
          nicolae_ossuary_entry_ruins
D:7:      minmay_temple_entry_fiery
D:8:      grunt_temple_overflow_growth_and_decay, grunt_pizzeria,
          nemelex_diamond_rough_becter
D:9:      grunt_temple_overflow_cloverleaf, uniq_erica
D:10:     dpeg_lair_monsters, orc_0_dummy, serial_shops, kennysheep_mini_moat,
          uniq_sonja
D:11:     minmay_smoke_and_mirrors
D:12:     basic_altar, grunt_ministairs_14, dk_vineyard_2, xom_redecorated,
          uniq_azrael, uniq_snorg
Temple:   corrupted_temple
Lair:1:   portal_ice_cave_entry_pillars_1, beast_lair_carwin_6
Lair:2:   dummy_spider_entry, gammafunk_ghost_hydra_chop, st_stairs_5,
          beast_lair_carwin_9
Lair:3:   elwin_shoals_entry_stream
Lair:4:   guppyfry_lair_drakes, grunt_megastairs_4, minmay_lair_oklob_chamber,
          infiniplex_staircase_pool, uniq_josephine
Lair:5:   forest_entry_grove, grunt_megastairs_1
Lair:6:   due_jungle_book, slime_altar_2, basic_altar,
          gammafunk_ghost_necromancy
Orc:1:    basic_altar, uniq_gastronok
Orc:2:    st_orc_town, uniq_rupert
Elf:1:    elf_arrival_001, serial_shops, nicolae_shop_window_shopping,
          evilmike_minifort, nicolae_elf_v_pinch, uniq_donald, uniq_kirke
Sewer:    sewer_co_cracked_pipes
Ossuary:  ossuary_zaba_flooded
IceCv:    ice_cave_statue_garden_transporter

Skill      XL: |  1  2  3  4  5  6  7  8  9 10 11 12 13 14 15 |
---------------+----------------------------------------------+-----
Maces & Flails | 2 3 5 7 8 11 12 13 | 13.6
Charms         | 3 4 6 |  6.2
Spellcasting   | 3 4 |  4.3
Fighting       | 5 6 9 13 | 13.6
Hexes          | 6 |  6.7
Armour         | 3 7 |  7.1
Invocations    | 7 11 | 11.3
Necromancy     | 6 |  6.5
Dodging        | 5 10 | 10.7

Action                   |  1- 3 |  4- 6 |  7- 9 | 10-12 | 13-15 || total
-------------------------+-------+-------+-------+-------+-------++-------
Melee: Mace              |    42 |       |       |   145 |     5 ||   192
       Whip              |    88 |     6 |       |       |       ||    94
       Flail             |       |   300 |    67 |       |       ||   367
       Giant club        |       |       |   273 |       |       ||   273
       Dire flail        |       |       |    13 |   511 |       ||   524
       Punch             |       |       |       |     3 |     1 ||     4
       Giant spiked club |       |       |       |       |  1045 ||  1045
Throw: Large rock        |       |       |       |       |     8 ||     8
 Cast: Infusion          |     9 |    17 |     9 |     4 |       ||    39
       Shroud of Golubri |     2 |       |       |       |       ||     2
       Spectral Weapon   |       |     3 |    21 |    16 |     4 ||    44
       Regeneration      |       |     5 |    10 |    18 |    11 ||    44
       Song of Slaying   |       |     2 |     5 |     9 |    13 ||    29
Invok: Heroism           |       |       |       |    14 |    33 ||    47
       Finesse           |       |       |       |     2 |     8 ||    10
Evoke: Wand              |       |       |       |     3 |     3 ||     6
  Use: Potion            |       |     4 |     5 |    16 |     6 ||    31
       Scroll            |       |     4 |     8 |    24 |    15 ||    51
 Stab: Sleeping          |     3 |     5 |     6 |       |       ||    14
       Distracted        |       |       |     1 |     2 |       ||     3
       Invisible         |       |       |     1 |       |       ||     1
       Confused          |       |       |       |       |     1 ||     1
  Eat: Chunk             |     3 |     9 |    11 |    20 |    29 ||    72
       Ration            |       |     1 |     5 |     4 |     3 ||    13
Armor: Robe              |    48 |    66 |    61 |    13 |       ||   188
       Ice dragon scales |       |       |       |   337 |   674 ||  1011
Dodge: Dodged            |    90 |   180 |   209 |   322 |   764 ||  1565

Table legend:
 A = Spawn XP
 B = Non-spawn XP
 C = Spawn XP percentage of total XP
 D = Spawn monster count
 E = Non-spawn monster count
 F = Spawn count percentage of total count
 G = Total turns spent on level
                    A         B        C        D         E        F      G
               +---------+---------+-------+---------+---------+-------+---------
         Total |       0 |  125464 |   0.0 |       0 |     719 |   0.0 | 31247
               +---------+---------+-------+---------+---------+-------+---------
           D:1 |       0 |      50 |   0.0 |       0 |      31 |   0.0 |  1483
           D:2 |       0 |      58 |   0.0 |       0 |      22 |   0.0 |  1005
           D:3 |       0 |     429 |   0.0 |       0 |      38 |   0.0 |  1171
           D:4 |       0 |     423 |   0.0 |       0 |      29 |   0.0 |  2317
           D:5 |       0 |    1259 |   0.0 |       0 |      23 |   0.0 |  1650
           D:6 |       0 |    1007 |   0.0 |       0 |      20 |   0.0 |  2385
           D:7 |       0 |    2048 |   0.0 |       0 |      45 |   0.0 |  1643
           D:8 |       0 |    1583 |   0.0 |       0 |      23 |   0.0 |  1488
           D:9 |       0 |    4449 |   0.0 |       0 |      35 |   0.0 |  1134
          D:10 |       0 |    9914 |   0.0 |       0 |      28 |   0.0 |  2216
          D:11 |       0 |   10949 |   0.0 |       0 |      39 |   0.0 |  1930
        Lair:1 |       0 |    4176 |   0.0 |       0 |      24 |   0.0 |  1162
        Lair:2 |       0 |    8137 |   0.0 |       0 |      17 |   0.0 |  1228
        Lair:3 |       0 |    7014 |   0.0 |       0 |      21 |   0.0 |  1472
        Lair:4 |       0 |    9285 |   0.0 |       0 |      33 |   0.0 |  1173
        Lair:5 |       0 |    4282 |   0.0 |       0 |      21 |   0.0 |  1231
        Lair:6 |       0 |   25596 |   0.0 |       0 |      54 |   0.0 |  1475
         Orc:1 |       0 |    7929 |   0.0 |       0 |      37 |   0.0 |  1216
         Orc:2 |       0 |   20649 |   0.0 |       0 |     129 |   0.0 |  1645
         Elf:1 |       0 |    2876 |   0.0 |       0 |       5 |   0.0 |    43
         Sewer |       0 |      37 |   0.0 |       0 |      12 |   0.0 |   543
       Ossuary |       0 |     558 |   0.0 |       0 |      23 |   0.0 |   739
         IceCv |       0 |    2756 |   0.0 |       0 |      10 |   0.0 |   837
               +---------+---------+-------+---------+---------+-------+---------
